 Dungeon Crawl Stone Soup version 0.22-a0-379-ga9d99d6 (webtiles) character file.

42 sankara the Chiller (level 3, -13/24 HPs)
             Began as a Merfolk Ice Elementalist on Apr 28, 2018.
             Mangled by Prince Ribbit (18 damage)
             ... on level 5 of the Dungeon.
             The game lasted 00:10:43 (2111 turns).

sankara the Chiller (Merfolk Ice Elementalist)      Turns: 2111, Time: 00:10:44

Health: -13/24     AC:  2    Str:  8    XL:     3   Next: 56%
Magic:  6/6        EV: 13    Int: 15    God:
Gold:   58         SH:  0    Dex: 14    Spells: 5/6 levels left

rFire    + . .     SeeInvis .   a - +4 spear
rCold    + . .     Gourm    .   (no shield)
rNeg     . . .     Faith    .   d - +0 robe
rPois    .         Spirit   .   (no helmet)
rElec    .         Reflect  .   h - scarf {rC+ rF+}
rCorr    .         Harm     .   (no gloves)
MR       .....                  (no boots)
Stlth    ++........             (no amulet)
HPRegen  0.08/turn              (no ring)
MPRegen  0.10/turn              (no ring)

@: no status effects
A: change form in water, swift swim, stealthy swim
a: no special abilities


You were on level 5 of the Dungeon.
You were not hungry.

You visited 1 branch of the dungeon, and saw 5 of its levels.

You collected 58 gold pieces.

Inventory:

Hand Weapons
 a - a +4 spear (weapon)
   (You found it on level 1 of the Dungeon)
Missiles
 e - 55 stones (quivered)
Armour
 d - a +0 robe (worn)
 h - a scarf of resistance (worn)
   (You found it on level 2 of the Dungeon)
Scrolls
 b - 2 scrolls of remove curse {unknown}
 i - a scroll of teleportation {unknown}
 j - a scroll of identify {unknown}
Potions
 f - a potion of curing {unknown}
 k - a potion of ambrosia {unknown}
Comestibles
 c - 3 rations
 g - 4 chunks of flesh {@w0}


   Skills:
 - Level 2.6 Dodging
 + Level 3.5 Stealth
 - Level 2.0 Spellcasting
   Level 0.7 Conjurations
 + Level 4.2 Ice Magic


You had 5 spell levels left.
You knew the following spells:

 Your Spells              Type           Power        Failure   Level  Hunger
a - Freeze                Ice            ##..         4%          1    #......


Dungeon Overview and Level Annotations

Branches:
Dungeon (5/15)
 Temple: D:4-7

Altars:
Ashenzari
Gozag
Hepliaklqana
Nemelex Xobeh
Okawaru
Uskayaw
Wu Jian
Xom

Annotations:
D:3 Dargar's ghost, amateur DsGl
D:5 Prince Ribbit


Message History

Confirm with . or Enter, or press ? or * to list all spells.
Aiming: Freeze (safe; 4% risk of failure)
Press: ? - help, Shift-Dir - straight line, f/p - jackal
Aim: a jackal You freeze the jackal.
The jackal is moderately wounded.
The jackal bites you but does no damage.
The jackal closely misses you.
Casting: Freeze (safe; 4% risk of failure)
Confirm with . or Enter, or press ? or * to list all spells.
Aiming: Freeze (safe; 4% risk of failure)
Press: ? - help, Shift-Dir - straight line, f/p - jackal
Aim: a jackal (moderately wounded)
You freeze the jackal.
The jackal is almost dead.
The jackal barely misses you.
Casting: Freeze (safe; 4% risk of failure)
Confirm with . or Enter, or press ? or * to list all spells.
Okay, then.
Attack whom?
Press: ? - help, Dir - move target cursor, f/p - jackal
Aim: a jackal (almost dead)
You hit the jackal.
You kill the jackal!
The jackal bites you.
Casting: Freeze (safe; 4% risk of failure)
Confirm with . or Enter, or press ? or * to list all spells.
Aiming: Freeze (safe; 4% risk of failure)
Press: ? - help, Shift-Dir - straight line, f - jackal
Aim: a jackal You freeze the jackal.
The jackal is severely wounded.
The jackal misses you.
Attack whom?
Press: ? - help, Dir - move target cursor, f/p - jackal
Aim: a jackal (severely wounded)
You closely miss the jackal.
The jackal is severely wounded.
The jackal barely misses you. The jackal closely misses you.
Attack whom?
Press: ? - help, Dir - move target cursor, f/p - jackal
Aim: a jackal (severely wounded)
You hit the jackal.
The jackal is almost dead.
The jackal closely misses you.
Attack whom?
Press: ? - help, Dir - move target cursor, f/p - jackal
Aim: a jackal (almost dead)
You hit the jackal.
You kill the jackal!
Attack whom?
Press: ? - help, Dir - move target cursor, f - jackal
Aim: a jackal You hit the jackal.
The jackal is almost dead.
The jackal bites you.
The jackal bites you but does no damage.
Casting: Freeze (safe; 4% risk of failure)
Confirm with . or Enter, or press ? or * to list all spells.
Aiming: Freeze (safe; 4% risk of failure)
Press: ? - help, Shift-Dir - straight line, f/p - jackal
Aim: a jackal (almost dead)
You freeze the jackal.
You kill the jackal!
Things that are here:
a jackal corpse x3
You butcher the jackal corpse.
g - 2 chunks of flesh {@w0}
Things that are here:
a jackal skeleton; a jackal corpse x2
You butcher the jackal corpse.
g - 5 chunks of flesh {@w0} (gained 3)
Things that are here:
a jackal skeleton; a jackal corpse You start resting.
Eating one of 5 chunks of flesh {@w0}.
You eat one of the 5 chunks of flesh {@w0}.
This raw flesh tastes terrible.
Magic restored.
HP restored.
Found a stone staircase leading down.
Prince Ribbit comes into view.
Prince Ribbit gives a loud, deep croak!
Prince Ribbit blinks!
Things that are here:
a jackal skeleton; a jackal corpse Attack whom?
Press: ? - help, Dir - move target cursor, f - Prince Ribbit
Aim: Prince Ribbit You reach to attack!
You miss Prince Ribbit.
Attack whom?
Press: ? - help, Dir - move target cursor, f/p - Prince Ribbit
Aim: Prince Ribbit You completely miss Prince Ribbit.
Prince Ribbit barely misses you. Prince Ribbit hits you!!
Ouch! That really hurt!
* * * LOW HITPOINT WARNING * * *
Prince Ribbit hits you but does no damage.
Prince Ribbit hits you!!
Ouch! That really hurt!
You die...

*,************,,,,,,,**
*,* *,,,.....,,,,, ***,*
*.###.....,,**
*,,,*******#.........,,*
*,,,,,,,,,,..##......,,*
*.,,*******#..,.....#***
******#..####*
#.#***#..#####
*,,,<,.......####.#
#.......
*,*****,**,#.@F...#
#......F *,*
*,**,#..#...# #..#####
*,* *,**,#..#.#.#####..#
# *,*
*,**,#..#.#...รท...## #
*,* *,**,#..#.#######.#
# *,* *,,*,#..#.# #.# #
*,* **,,,...#.#** #.# #
*,*
*,,,......,****#.#****#
*,*
*,,,,,,#.*,,,,,...,,,,.


You could see Prince Ribbit.

Vanquished Creatures
  A worm (D:2)
  2 orcs
  2 bats (D:1)
  5 goblins
  5 hobgoblins
  9 jackals
  4 kobolds
  4 rats
32 creatures vanquished.

Notes
Turn   | Place    | Note
-------+----------+-------------------------------------------
     0 | D:1      | sankara the Merfolk Ice Elementalist began the quest for the Orb.
     0 | D:1      | Reached XP level 1. HP: 13/13 MP: 3/3
    26 | D:2      | Noticed an iguana
   391 | D:1      | Reached XP level 2. HP: 15/19 MP: 0/5
   855 | D:1      | Reached skill level 3 in Stealth
   881 | D:1      | Found a sparkling altar of Nemelex Xobeh.
  1059 | D:2      | Found a shimmering altar of Xom.
  1060 | D:2      | Found a shimmering altar of Xom.
  1062 | D:2      | Found a shimmering altar of Xom.
  1161 | D:2      | Reached skill level 4 in Ice Magic
  1161 | D:2      | Reached XP level 3. HP: 23/24 MP: 6/6
  1222 | D:3      | Noticed Dargar's ghost (amateur DsGl)
  1638 | D:3      | Found an ornate altar of the Wu Jian Council.
  1639 | D:3      | Found a hazy altar of Hepliaklqana.
  1639 | D:3      | Found an iron altar of Okawaru.
  1641 | D:3      | Found a shattered altar of Ashenzari.
  1642 | D:3      | Found a hide-covered altar of Uskayaw.
  1644 | D:3      | Found an opulent altar of Gozag.
  1792 | D:4      | Noticed an ogre
  1971 | D:5      | Entered Level 5 of the Dungeon
  2091 | D:5      | Noticed Prince Ribbit
  2106 | D:5      | HP: 5/24 [Prince Ribbit (19)]
  2111 | D:5      | Mangled by Prince Ribbit

Vault maps used:
D:1:      saegor_arrival_simple_e, minmay_stone_trees_medium,
          minmay_misc_feat_square, roderic_lattice_a, nemelex_altar_shiori
D:2:      xom_redecorated
D:3:      minitemple
D:4:      marbit_many_paths, uniq_blork_the_orc
D:5:      minmay_goblin_kobold_castle, tso_metal_star, first_ration,
          uniq_prince_ribbit1

Skill      XL: |  1  2 |
---------------+-------+-----
Stealth        | 3 |  3.5
Ice Magic      | 4 |  4.2
Dodging        | |  2.6
Spellcasting   | |  2.0
Conjurations   | |  0.7

Action                   || total
-------------------------++-------
Melee: Spear             ||    70
 Cast: Freeze            ||    26
  Use: Scroll            ||     2
 Stab: Sleeping          ||     2
  Eat: Chunk             ||     4
Armor: Robe              ||    11
Dodge: Dodged            ||    50

Table legend:
 A = Spawn XP
 B = Non-spawn XP
 C = Spawn XP percentage of total XP
 D = Spawn monster count
 E = Non-spawn monster count
 F = Spawn count percentage of total count
 G = Total turns spent on level
                    A         B        C        D         E        F      G
               +---------+---------+-------+---------+---------+-------+---------
         Total |       0 |      61 |   0.0 |       0 |      32 |   0.0 |  2111
               +---------+---------+-------+---------+---------+-------+---------
           D:1 |       0 |      26 |   0.0 |       0 |      14 |   0.0 |   965
           D:2 |       0 |      21 |   0.0 |       0 |      11 |   0.0 |   603
           D:3 |       0 |       6 |   0.0 |       0 |       3 |   0.0 |   343
           D:5 |       0 |       8 |   0.0 |       0 |       4 |   0.0 |   140
               +---------+---------+-------+---------+---------+-------+---------

Vault maps used:
D:1:      saegor_arrival_simple_e, minmay_stone_trees_medium,
          minmay_misc_feat_square, roderic_lattice_a, nemelex_altar_shiori
D:2:      xom_redecorated
D:3:      minitemple
D:4:      marbit_many_paths, uniq_blork_the_orc
D:5:      minmay_goblin_kobold_castle, tso_metal_star, first_ration,
          uniq_prince_ribbit1

Table legend:
 A = Turns spent in this place as a percentage of turns spent in the entire game.
 B = Non-inter-level travel turns spent in this place as a percentage of non-inter-level travel turns spent in the entire game.
 C = Inter-level travel turns spent in this place as a percentage of turns spent in this place.
 D = Turns resting spent in this place as a percentage of non-inter-level travel turns spent in this place.
 E = Turns spent auto-exploring this place as a percentage of non-inter-level travel turns spent in this place.
 F = Non-inter-level travel turns spent in this place divided by the number of levels of this place that you've seen.
                   A       B       C       D       E      F
               +-------+-------+-------+-------+-------+----------------------
         Total | 100.0 | 100.0 |   8.9 |  43.0 |  14.8 | 384.6
       Dungeon | 100.0 | 100.0 |   8.9 |  43.0 |  14.8 | 384.6
               +-------+-------+-------+-------+-------+----------------------

Table legend:
 A = Kills in this place as a percentage of kills in entire the game.
 B = Kills by you in this place as a percentage of kills by you in the entire game.
 C = Kills by friends in this place as a percentage of kills by friends in the entire game.
 D = Other kills in this place as a percentage of other kills in the entire game.
 E = Experience gained in this place as a percentage of experience gained in the entire game.
 F = Experience gained in this place divided by the number of levels of this place that you have seen.
                   A       B       C       D       E      F
               +-------+-------+-------+-------+-------+----------------------
         Total | 100.0 | 100.0 |   N/A |   N/A | 100.0 |  12.2
       Dungeon | 100.0 | 100.0 |   N/A |   N/A | 100.0 |  12.2
               +-------+-------+-------+-------+-------+----------------------
